| TOP OF THE 1ST |
|
Midland RockHounds batting - Pitching for New Hampshire Fisher Cats : RHP Orlando Giron
|
|
Pitching: RHP Orlando Giron
|
|
|
Batting: RHB Chris Bohm
|
0-0: Ball 1-0: Foul Ball, location: 2F 1-1: Foul Ball, location: 2F 1-2: Foul Ball, location: 2F 1-2: Foul Ball, location: 2F 1-2: Strikes out swinging
|
|
Batting: LHB Tom Raupp
|
0-0: Ball 1-0: Called Strike 1-1: Called Strike 1-2: Ball 2-2: Foul Ball, location: 2F 2-2: Foul Ball, location: 2F 2-2: Strikes out swinging
|
|
Batting: LHB Chance Stever
|
0-0: Ball 1-0: SOLO HOME RUN (Flyball, 78XD, EV 108.1 MPH), Distance : 423 ft
|
|
Batting: RHB Matt Sherard
|
0-0: Called Strike 0-1: Ball 1-1: Ball 2-1: Called Strike 2-2: Foul Ball, location: 2F 2-2: Strikes out swinging
|
| Top of the 1st over - 1 run, 1 hit, 0 errors, 0 left on base; Midland 1 - New Hampshire 0 |
| BOTTOM OF THE 1ST |
|
New Hampshire Fisher Cats batting - Pitching for Midland RockHounds : RHP Mike Staus
|
|
Pitching: RHP Mike Staus
|
|
|
Batting: RHB Tokuji Kawabata
|
0-0: Called Strike 0-1: Ball 1-1: Fly out, F7 (Flyball, 78M, EV 86.9 MPH)
|
|
Batting: RHB Stephen Casteel
|
0-0: Called Strike 0-1: Ball 1-1: Ball 2-1: Called Strike 2-2: Ball 3-2: Base on Balls
|
|
Batting: RHB Chris Pounds
|
0-0: Foul Ball, location: 2F 0-1: Ball 1-1: Called Strike Stephen Casteel is caught stealing 2nd base 2-4 1-2: Foul Ball, location: 2F 1-2: Ball 2-2: Foul Ball, location: 2F 2-2: Foul Ball, location: 2F 2-2: Strikes out swinging
|
| Bottom of the 1st over - 0 runs, 0 hits, 0 errors, 0 left on base; Midland 1 - New Hampshire 0 |
| TOP OF THE 2ND |
|
Midland RockHounds batting - Pitching for New Hampshire Fisher Cats : RHP Orlando Giron
|
|
Batting: RHB Micah Roth
|
0-0: SINGLE (Line Drive, 8LS, EV 87.5 MPH)
|
|
Batting: RHB Andrew Nicol
|
0-0: Swinging Strike 0-1: Fly out, F7 (Flyball, 7S, EV 86.9 MPH)
|
|
Batting: RHB Gojko Golob
|
0-0: Ball 1-0: Called Strike 1-1: Called Strike 1-2: Ball 2-2: Fly out, F8 (Flyball, 8LD, EV 101.9 MPH)
|
|
Batting: LHB Robert Wilkins
|
0-0: Ball 1-0: Ball 2-0: Fly out, F9 (Flyball, 9LD, EV 82.5 MPH)
|
| Top of the 2nd over - 0 runs, 1 hit, 0 errors, 1 left on base; Midland 1 - New Hampshire 0 |
| BOTTOM OF THE 2ND |
|
New Hampshire Fisher Cats batting - Pitching for Midland RockHounds : RHP Mike Staus
|
|
Batting: LHB Gabe Pace
|
0-0: Called Strike 0-1: Ball 1-1: Swinging Strike 1-2: Ball 2-2: Strikes out looking
|
|
Batting: RHB John Hering
|
0-0: Ball 1-0: Ball 2-0: Foul Ball, location: 2F 2-1: Foul Ball, location: 2F 2-2: Ground out 4-3 (Groundball, 4, EV 89.4 MPH)
|
|
Batting: RHB Chris Martin
|
0-0: Ball 1-0: Ball 2-0: Foul Ball, location: 2F 2-1: Foul Ball, location: 2F 2-2: Ball 3-2: Foul Ball, location: 2F 3-2: Foul Ball, location: 2F 3-2: DOUBLE (Flyball, 8LXD, EV 100.6 MPH)
|
|
Batting: RHB Kirk Seiffert
|
0-0: Ball 1-0: Called Strike 1-1: Ball 2-1: Swinging Strike 2-2: Foul Ball, location: 2F 2-2: Foul Ball, location: 2F 2-2: Strikes out swinging
|
| Bottom of the 2nd over - 0 runs, 1 hit, 0 errors, 1 left on base; Midland 1 - New Hampshire 0 |
| TOP OF THE 3RD |
|
Midland RockHounds batting - Pitching for New Hampshire Fisher Cats : RHP Orlando Giron
|
|
Batting: RHB Larry Clark
|
0-0: Foul Ball, location: 2F 0-1: Swinging Strike 0-2: Ball 1-2: Strikes out looking
|
|
Batting: RHB Chris Bohm
|
0-0: Ball 1-0: Called Strike 1-1: Ball 2-1: Ball 3-1: Called Strike 3-2: Strikes out swinging
|
|
Batting: LHB Tom Raupp
|
0-0: Called Strike 0-1: Ball 1-1: Ground out 3-1 (Groundball, 34, EV 83.1 MPH)
|
| Top of the 3rd over - 0 runs, 0 hits, 0 errors, 0 left on base; Midland 1 - New Hampshire 0 |
| BOTTOM OF THE 3RD |
|
New Hampshire Fisher Cats batting - Pitching for Midland RockHounds : RHP Mike Staus
|
|
Batting: LHB Kurt Estep
|
0-0: Swinging Strike 0-1: Foul Ball, location: 2F 0-2: Strikes out swinging
|
|
Batting: RHB Justin Powell
|
0-0: Swinging Strike 0-1: Ground out 6-3 (Groundball, 6, EV 98.1 MPH)
|
|
Batting: RHB Tokuji Kawabata
|
0-0: Foul Ball, location: 2F 0-1: Called Strike 0-2: Foul Ball, location: 2F 0-2: SINGLE (Groundball, 25, EV 68.8 MPH) (infield hit)
|
|
Batting: RHB Stephen Casteel
|
0-0: Ball 1-0: SINGLE (Line Drive, 78S, EV 96.2 MPH) Tokuji Kawabata to second
|
|
Batting: RHB Chris Pounds
|
0-0: Ball 1-0: Foul Ball, location: 2F 1-1: Foul Ball, location: 2F 1-2: Ball 2-2: Foul Ball, location: 2F 2-2: Ball 3-2: Fly out, F7 (Flyball, 78M, EV 92.5 MPH)
|
| Bottom of the 3rd over - 0 runs, 2 hits, 0 errors, 2 left on base; Midland 1 - New Hampshire 0 |
| TOP OF THE 4TH |
|
Midland RockHounds batting - Pitching for New Hampshire Fisher Cats : RHP Orlando Giron
|
|
Batting: LHB Chance Stever
|
0-0: Called Strike 0-1: Called Strike 0-2: Strikes out swinging
|
|
Batting: RHB Matt Sherard
|
0-0: Called Strike 0-1: Ball 1-1: Ball 2-1: SINGLE (Line Drive, 6MD, EV 107.5 MPH)
|
|
Batting: RHB Micah Roth
|
0-0: Called Strike 0-1: Fielders Choice at 2nd, 4-6 (Groundball, 34, EV 85.0 MPH)
|
|
Batting: RHB Andrew Nicol
|
0-0: Ball Pickoff Throw to First - Out! 1-3
|
| Top of the 4th over - 0 runs, 1 hit, 0 errors, 0 left on base; Midland 1 - New Hampshire 0 |
| BOTTOM OF THE 4TH |
|
New Hampshire Fisher Cats batting - Pitching for Midland RockHounds : RHP Mike Staus
|
|
Batting: LHB Gabe Pace
|
0-0: Foul Ball, location: 2F 0-1: Ball 1-1: Foul Ball, location: 2F 1-2: Ball 2-2: Foul Ball, location: 2F 2-2: Ground out 4-3 (Groundball, 4D, EV 104.4 MPH)
|
|
Batting: RHB John Hering
|
0-0: Ball 1-0: Ball 2-0: Foul Ball, location: 2F 2-1: Swinging Strike 2-2: Ball 3-2: Fly out, F8 (Flyball, 8LM, EV 83.1 MPH)
|
|
Batting: RHB Chris Martin
|
0-0: Ball 1-0: Ball 2-0: Ball 3-0: Called Strike 3-1: Foul Ball, location: 2F 3-2: SINGLE (Groundball, 56D, EV 100.0 MPH)
|
|
Batting: RHB Kirk Seiffert
|
0-0: Ball 1-0: Called Strike 1-1: Ball 2-1: SINGLE (Line Drive, 4D, EV 108.1 MPH) Chris Martin to second
|
|
Batting: LHB Kurt Estep
|
0-0: Ball 1-0: Foul Ball, location: 2F 1-1: Foul Ball, location: 2F 1-2: Foul Ball, location: 2F 1-2: Ground out 1-3 (Groundball, 13S, EV 73.1 MPH)
|
| Bottom of the 4th over - 0 runs, 2 hits, 0 errors, 2 left on base; Midland 1 - New Hampshire 0 |
| TOP OF THE 5TH |
|
Midland RockHounds batting - Pitching for New Hampshire Fisher Cats : RHP Orlando Giron
|
|
Batting: RHB Andrew Nicol
|
0-0: Foul Ball, location: 2F 0-1: Ball 1-1: Ball 2-1: Swinging Strike 2-2: Ball 3-2: Foul Ball, location: 2F 3-2: Foul Ball, location: 2F 3-2: Strikes out looking
|
|
Batting: RHB Gojko Golob
|
0-0: Ball 1-0: Ground out 2-3 (Groundball, 13S, EV 68.1 MPH)
|
|
Batting: LHB Robert Wilkins
|
0-0: Foul Ball, location: 2F 0-1: Foul Ball, location: 2F 0-2: Hit by Pitch
|
|
Batting: RHB Larry Clark
|
0-0: Fielders Choice at 2nd, 5-4 (Groundball, 56, EV 90.6 MPH)
|
| Top of the 5th over - 0 runs, 0 hits, 0 errors, 1 left on base; Midland 1 - New Hampshire 0 |
| BOTTOM OF THE 5TH |
|
New Hampshire Fisher Cats batting - Pitching for Midland RockHounds : RHP Mike Staus
|
|
Batting: RHB Justin Powell
|
0-0: Called Strike 0-1: Foul Ball, location: 2F 0-2: SINGLE (Groundball, 25, EV 69.4 MPH) (infield hit)
|
|
Batting: RHB Tokuji Kawabata
|
0-0: Called Strike Justin Powell steals 2nd base 0-1: Ball 1-1: SINGLE (Line Drive, 6D, EV 98.8 MPH) Justin Powell to third
|
|
Batting: RHB Stephen Casteel
|
0-0: Ball Tokuji Kawabata steals 2nd base 1-0: Ground out U3 (Groundball, 3, EV 83.8 MPH)
|
|
Pitching: LHP Rich Byrd
|
|
|
Batting: RHB Chris Pounds
|
0-0: Ball 1-0: Fly out, F8 (Flyball, 8LXD, EV 88.1 MPH) Runner from 3rd tags up, SCORES, no throw by CF Tokuji Kawabata to third
|
|
Pinch Hitting: RHB Jon Aguilar
|
0-0: Ball 1-0: Ball 2-0: Foul Ball, location: 2F 2-1: Swinging Strike 2-2: Ball 3-2: Strikes out swinging
|
| Bottom of the 5th over - 1 run, 2 hits, 0 errors, 1 left on base; Midland 1 - New Hampshire 1 |
| TOP OF THE 6TH |
|
Midland RockHounds batting - Pitching for New Hampshire Fisher Cats : RHP Orlando Giron
|
|
Now in LF: Jon Aguilar
|
|
|
Batting: RHB Chris Bohm
|
0-0: Ball 1-0: Called Strike 1-1: Ball 2-1: Ball 3-1: Base on Balls
|
|
Batting: LHB Tom Raupp
|
0-0: Called Strike 0-1: Ball 1-1: Ball 2-1: Reached on error, E4 (Groundball, 4M, EV 102.5 MPH) Chris Bohm to second
|
|
Batting: LHB Chance Stever
|
0-0: Ball 1-0: Called Strike 1-1: Fly out, F8 (Flyball, 8LM, EV 94.4 MPH)
|
|
Batting: RHB Matt Sherard
|
0-0: Called Strike 0-1: Ball 1-1: Ball 2-1: Grounds into double play, 6-4-3 (Groundball, 6, EV 81.9 MPH)
|
| Top of the 6th over - 0 runs, 0 hits, 1 error, 1 left on base; Midland 1 - New Hampshire 1 |
| BOTTOM OF THE 6TH |
|
New Hampshire Fisher Cats batting - Pitching for Midland RockHounds : LHP Rich Byrd
|
|
Batting: RHB John Hering
|
0-0: Foul Ball, location: 2F 0-1: Ball 1-1: Called Strike 1-2: Foul Ball, location: 2F 1-2: Foul Ball, location: 2F 1-2: Strikes out swinging
|
|
Batting: RHB Chris Martin
|
0-0: Ball 1-0: Ball 2-0: Ball 3-0: Called Strike 3-1: Swinging Strike 3-2: Strikes out swinging
|
|
Batting: RHB Kirk Seiffert
|
0-0: Called Strike 0-1: Foul Ball, location: 2F 0-2: Ball 1-2: Ball 2-2: Strikes out swinging
|
| Bottom of the 6th over - 0 runs, 0 hits, 0 errors, 0 left on base; Midland 1 - New Hampshire 1 |
| TOP OF THE 7TH |
|
Midland RockHounds batting - Pitching for New Hampshire Fisher Cats : RHP Orlando Giron
|
|
Batting: RHB Micah Roth
|
0-0: Ball 1-0: Ball 2-0: Ball 3-0: Called Strike 3-1: Base on Balls
|
|
Batting: RHB Andrew Nicol
|
0-0: Ball 1-0: Bunted foul 1-1: Ball 2-1: Bunted foul 2-2: Fielders Choice at 2nd, 4-6 (Groundball, 4, EV 85.6 MPH)
|
|
Batting: RHB Gojko Golob
|
0-0: Ball 1-0: Ball Wild Pitch! Andrew Nicol to second 2-0: Ball 3-0: Base on Balls
|
|
Batting: LHB Robert Wilkins
|
0-0: DOUBLE (Flyball, 8LXD, EV 101.9 MPH) Andrew Nicol scores Gojko Golob to third Runner from 3rd tries for Home, SAFE, throw by CF to home
|
|
Batting: RHB Larry Clark
|
0-0: Ball 1-0: Foul Ball, location: 2F 1-1: Foul Ball, location: 2F 1-2: Strikes out swinging
|
|
Batting: RHB Chris Bohm
|
0-0: Ball 1-0: Foul Ball, location: 2F 1-1: Foul Ball, location: 2F 1-2: Ball 2-2: Strikes out looking
|
| Top of the 7th over - 2 runs, 1 hit, 0 errors, 1 left on base; Midland 3 - New Hampshire 1 |
| BOTTOM OF THE 7TH |
|
New Hampshire Fisher Cats batting - Pitching for Midland RockHounds : LHP Rich Byrd
|
|
Batting: LHB Kurt Estep
|
0-0: Ball 1-0: Swinging Strike 1-1: Ball 2-1: DOUBLE (Line Drive, 7LS, EV 96.9 MPH)
|
|
Batting: RHB Justin Powell
|
0-0: Foul Ball, location: 2F 0-1: Fly out, F9 (Line Drive, 9LM, EV 91.2 MPH)
|
|
Batting: RHB Tokuji Kawabata
|
0-0: Ball 1-0: Ball 2-0: Ball Kurt Estep steals 3rd base 3-0: Called Strike 3-1: Called Strike 3-2: Fly out, F8 (Flyball, 8RM, EV 78.1 MPH) Runner from 3rd tags up, SCORES, no throw by CF
|
|
Batting: RHB Stephen Casteel
|
0-0: Called Strike 0-1: Ball 1-1: Foul Ball, location: 2F 1-2: Ground out 4-3 (Groundball, 4, EV 85.6 MPH)
|
| Bottom of the 7th over - 1 run, 1 hit, 0 errors, 0 left on base; Midland 3 - New Hampshire 2 |
| TOP OF THE 8TH |
|
Midland RockHounds batting - Pitching for New Hampshire Fisher Cats : RHP Orlando Giron
|
|
Pitching: LHP Mitchel Larson
|
|
|
Batting: LHB Tom Raupp
|
0-0: Swinging Strike 0-1: Foul Ball, location: 2F 0-2: Ground out U3 (Groundball, 3, EV 86.2 MPH)
|
|
Batting: LHB Chance Stever
|
0-0: SINGLE (Groundball, 3D, EV 98.1 MPH)
|
|
Batting: RHB Matt Sherard
|
0-0: Called Strike 0-1: Ball 1-1: Foul Ball, location: 2F 1-2: Ball 2-2: Strikes out swinging
|
|
Batting: RHB Micah Roth
|
0-0: Called Strike 0-1: Ball 1-1: Called Strike 1-2: Ball 2-2: Ball 3-2: Foul Ball, location: 2F 3-2: Base on Balls Chance Stever to second
|
|
Batting: RHB Andrew Nicol
|
0-0: Called Strike 0-1: TRIPLE (Line Drive, 78XD, EV 109.4 MPH) Chance Stever scores Micah Roth scores
|
|
Batting: RHB Gojko Golob
|
0-0: Called Strike 0-1: Ball 1-1: Ground out 6-3 (Groundball, 6, EV 76.2 MPH)
|
| Top of the 8th over - 2 runs, 2 hits, 0 errors, 1 left on base; Midland 5 - New Hampshire 2 |
| BOTTOM OF THE 8TH |
|
New Hampshire Fisher Cats batting - Pitching for Midland RockHounds : LHP Rich Byrd
|
|
Pitching: RHP Chad Casey
|
|
|
Batting: RHB Chris Pounds
|
0-0: SINGLE (Groundball, 4MD, EV 95.6 MPH)
|
|
Batting: RHB Jon Aguilar
|
0-0: Called Strike 0-1: Foul Ball, location: 2F 0-2: Grounds into double play, 6-4-3 (Groundball, 6M, EV 84.4 MPH)
|
|
Batting: RHB John Hering
|
0-0: Called Strike 0-1: Ball 1-1: Swinging Strike 1-2: Strikes out swinging
|
| Bottom of the 8th over - 0 runs, 1 hit, 0 errors, 0 left on base; Midland 5 - New Hampshire 2 |
| TOP OF THE 9TH |
|
Midland RockHounds batting - Pitching for New Hampshire Fisher Cats : LHP Mitchel Larson
|
|
Batting: LHB Robert Wilkins
|
0-0: Ball 1-0: Ball 2-0: Called Strike 2-1: Foul Ball, location: 2F 2-2: Foul Ball, location: 2F 2-2: TRIPLE (Flyball, 89XD, EV 107.5 MPH)
|
|
Batting: RHB Larry Clark
|
0-0: Ball 1-0: Swinging Strike 1-1: Foul Ball, location: 2F 1-2: Strikes out swinging
|
|
Batting: RHB Chris Bohm
|
0-0: Intentional Walk
|
|
Batting: LHB Tom Raupp
|
0-0: Called Strike 0-1: Ball 1-1: Called Strike 1-2: Strikes out looking
|
|
Batting: LHB Chance Stever
|
0-0: Foul Ball, location: 2F 0-1: Swinging Strike 0-2: Ball 1-2: Strikes out swinging
|
| Top of the 9th over - 0 runs, 1 hit, 0 errors, 2 left on base; Midland 5 - New Hampshire 2 |
| BOTTOM OF THE 9TH |
|
New Hampshire Fisher Cats batting - Pitching for Midland RockHounds : RHP Chad Casey
|
|
Pitching: RHP John Shutt
|
|
|
Now at 1B: Nick Pacheco
|
|
|
Batting: RHB Chris Martin
|
0-0: Called Strike 0-1: Ball 1-1: Called Strike 1-2: Ball 2-2: Ball 3-2: Strikes out swinging
|
|
Pinch Hitting: SHB Bryan Johnston
|
0-0: Called Strike 0-1: Ball 1-1: Fly out, F8 (Flyball, 78M, EV 81.2 MPH)
|
|
Batting: LHB Kurt Estep
|
0-0: Ball 1-0: Called Strike 1-1: Ball 2-1: Foul Ball, location: 2F 2-2: Ball 3-2: Base on Balls
|
|
Batting: RHB Justin Powell
|
0-0: Ball 1-0: Ball 2-0: Called Strike 2-1: Ball 3-1: Called Strike 3-2: Ground out 1-3 (Groundball, 13S, EV 68.1 MPH)
|
| Bottom of the 9th over - 0 runs, 0 hits, 0 errors, 1 left on base; Midland 5 - New Hampshire 2 |
|